cohdb
Replays
Latest Replays
All Replays
Popular Replays
Top Player Replays
Match Explorer
How It Works
Community
CoH3 Stats
Reddit
Sign in to upload your games and track your stats! →
Sign in with Steam
Match 39130767
Unlisted
Match 39130767
Overview
Messages
Build Orders
End
Selects Smoke Bombing Run
Selects Heavy Machine Gun Paradrop
Construct Barracks
Riflemen Squad
Riflemen Squad
Riflemen Squad
Engineer Squad
Construct Weapon Support Center
Bazooka Squad
Grenade Package
Construct Medical Station
Selects Paratrooper Squad Paradrop
Infantry Support Center
Smoke Bombing Run
Engineer Squad
Construct Motor Pool
Smoke Bombing Run
Selects Anti-tank Gun Team Paradrop
M1 Anti-tank Gun Team
Smoke Bombing Run
M8 Greyhound Armored Car
M1918 Browning Automatic Rifles
Smoke Bombing Run
Smoke Bombing Run
M1919 Machine Gun Team
Selects Supply Drop
M24 Chaffee Light Tank
Demolitions Package
Munitions Surplus
Engineer Squad
Smoke Bombing Run
Riflemen Squad
Construct Tank Depot
M1 Anti-tank Gun Team
Selects Carpet Bombing Run
Supply Drop
Smoke Bombing Run
M4A1 Sherman Medium Tank
Engineer Squad
Smoke Bombing Run
Supply Drop
Supply Drop
Carpet Bombing Run
Smoke Bombing Run
M4A1 Sherman Medium Tank
Riflemen Squad
M1919 Machine Gun Team
M4A1 Sherman Medium Tank
M1 Mortar Team
Smoke Bombing Run
Selects Airborne Battlegroup
Selects Advanced Infantry Battlegroup
CPU - 专家
CPU - 专家
CPU - 专家
CPU - 专家
XuZhongwei
Loopfree
Gen.Blücher aka Hardrox Daimos
图书馆突击手凌地宁宁
0
0
Comments
sign in to comment!
No comments posted yet!